 Dungeon Crawl Stone Soup version 0.28.0 (webtiles) character file.

Game seed: 18350805279870854065

18 zkyp the Skirmisher (level 2, -1/28 HPs)
             Began as a Naga Berserker on Feb 9, 2022.
             Was a Follower of Trog.
             Succumbed to a goblin's poison
             ... on level 1 of the Dungeon.
             The game lasted 00:00:26 (362 turns).

zkyp the Skirmisher (Naga Berserker)                 Turns: 362, Time: 00:00:26

Health: -1/28      AC:  1    Str: 19    XL:     2   Next: 66%
Magic:  2/2        EV:  9    Int:  7    God:    Trog [*.....]
Gold:   9          SH:  0    Dex: 10    Spells: 1/1 levels left

rFire   . . .      SeeInvis +   a - +0 hand axe
rCold   . . .      Faith    .   (no shield)
rNeg    . . .      Spirit   .   b - +0 animal skin
rPois   +          Reflect  .   (no helmet)
rElec   .          Harm     .   (no cloak)
rCorr   .          Rampage  .   (no gloves)
Will    .....                   (no barding)
Stlth   +.........              (no amulet)
HPRegen 0.09/turn               (no ring)
MPRegen 0.08/turn               (no ring)

@: lethally poisoned (-1 -> -10), short of breath, very slow
A: AC +0, large, see invisible, deformed body, poison resistance, slowness 2,
spit poison 1, naga tail 1
a: Spit Poison, Renounce Religion, Berserk


You were on level 1 of the Dungeon.
You worshipped Trog.
Trog was aware of your devotion.
You visited 1 branch of the dungeon, and saw 1 of its levels.

You collected 9 gold pieces.

Inventory:

Hand Weapons
 a - a +0 hand axe (weapon)
Armour
 b - a +0 animal skin (worn)


   Skills:
 + Level 3.4 Fighting
 + Level 3.4 Axes
 - Level 1.5 Armour
 - Level 1.5 Dodging


You had one spell level left.
You didn't know any spells.
Your spell library was empty.

Dungeon Overview and Level Annotations

Branches:
Dungeon (1/15)

Altars:


Innate Abilities, Weirdness & Mutations

Your serpentine skin is tough. (AC +0)
You have supernaturally acute eyesight. (SInv)
Armour fits poorly on your strangely shaped body.
Your system is resistant to poisons. (rPois)
You cover ground very slowly.
You can spit poison.
You have a snake-like lower body.


Message History

You are too injured to fight recklessly!
You are too injured to fight recklessly!
You are too injured to fight recklessly!
You are too injured to fight recklessly!
You are too injured to fight recklessly!
You are too injured to fight recklessly!
The goblin blocks your attack.
The goblin is moderately wounded.
You barely miss the bat. You hit the endoplasm.
You kill the endoplasm!
Trog accepts your kill.
You recover from your berserk rage.
You feel very sick. The bat hits you.
The goblin hits you with a +0 dagger of venom.
* * * LOW HITPOINT WARNING * * *
You aren't carrying any potions.
Aiming: Spit Poison (2% risk of failure)
Press: ? - help, Shift-Dir - straight line, f - goblin
Aim: a goblin, wielding a +0 dagger of venom and wearing a +0 buckler (moderately wounded, 50% to hit)
The splash of poison hits the goblin.
The goblin is poisoned.
The goblin is heavily wounded.
* * * LOW HITPOINT WARNING * * *
You feel very sick. The bat barely misses you.
The goblin hits you with a +0 dagger of venom.
* * * LOW HITPOINT WARNING * * *
You slash the goblin!
You kill the goblin!
Trog accepts your kill.
You barely miss the bat.
* * * LOW HITPOINT WARNING * * *
You feel sick. The bat hits you but does no damage.
You aren't carrying any potions.
You aren't carrying any scrolls.
Unknown command.
You hit the frilled lizard.
The frilled lizard is heavily wounded.
You closely miss the bat.
You die...

....##### # #####
#...### #8#.^8#
[.#...#### ^#.#^#
.####....# ....##
.# ####.###
#(...# . .#
#...###....####..
##
####.._).........
####...b......
#..@l......
#.....#......
#^#.#^# .....
#8#.^8# .... #
##### ... .. .


You could see a bat and a frilled lizard.

Vanquished Creatures
  A gnoll (D:1)
  3 endoplasms (D:1)
  A goblin (D:1)
  A quokka (D:1)
  A bat (D:1)
  A rat (D:1)
8 creatures vanquished.

Notes
Turn   | Place    | Note
-------+----------+-------------------------------------------
     0 | D:1      | zkyp the Naga Berserker began the quest for the Orb.
     0 | D:1      | Reached XP level 1. HP: 21/21 MP: 1/1
   312 | D:1      | Found a faded altar of an unknown god.
   321 | D:1      | Reached XP level 2. HP: 28/28 MP: 2/2
   361 | D:1      | HP: 1/28 [poisoned by a goblin]
   362 | D:1      | Succumbed to a goblin's poison

Illustrated notes

Levels and vault maps discovered:
D:1:      minmay_arrival_split_and_join, layout_rooms, serial_shops, shop,
          shapermc_ecumenical_altar_mp_highgroup, minmay_misc_feat_tiny,
          minmay_heptomino_o4

Action                   || total
-------------------------++-------
Melee: Hand axe          ||    22
Invok: Berserk           ||     1
 Abil: Spit Poison       ||     1
Armor: Animal skin       ||     5
Dodge: Dodged            ||    12
